 Dungeon Crawl Stone Soup version 0.23.0 (webtiles) character file.

Game seed: 14193547506573747149

1587 loopi the Grappler (level 8, -3/80 HPs)
             Began as a Troll Monk on Feb 23, 2019.
             Was an Elder of Okawaru.
             Slain by a two-headed ogre
             ... wielding a +0 giant club
              (21 damage)
             ... on level 10 of the Dungeon.
             The game lasted 00:10:34 (1736 turns).

loopi the Grappler (Troll Monk)                     Turns: 1736, Time: 00:10:35

Health: -3/80      AC:  6    Str: 22    XL:     8   Next: 61%
Magic:  7/9        EV: 20    Int:  6    God:    Okawaru [****..]
Gold:   98         SH:  0    Dex: 17    Spells: 7/7 levels left

rFire    . . .     SeeInvis .     - Unarmed
rCold    . . .     Gourm    +   (no shield)
rNeg     . . .     Faith    .   a - +0 robe
rPois    .         Spirit   .   (helmet restricted)
rElec    .         Reflect  .   (no cloak)
rCorr    .         Harm     .   (gloves unavailable)
MR       .....                  (boots unavailable)
Stlth    ++++......             r - amulet of regeneration
HPRegen  1.03/turn              (no ring)
MPRegen  0.11/turn              (no ring)

@: agile, heroism
A: large, unfitting armour, claws 3, fast metabolism 3, gourmand, regeneration
1, shaggy fur 1, tough skin 3
a: Heroism, Renounce Religion


You were on level 10 of the Dungeon.
You worshipped Okawaru.
Okawaru was greatly pleased with you.
You were completely stuffed.

You visited 1 branch of the dungeon, and saw 10 of its levels.

You collected 227 gold pieces.
You spent 129 gold pieces at shops.

Inventory:

Hand Weapons
 d - a +0 hunting sling
 l - a +3 hand axe of chopping
Missiles
 e - 49 stones (quivered)
 i - 63 sling bullets
 m - 8 tomahawks
Armour
 a - a +0 robe (worn)
Jewellery
 r - an amulet of regeneration (around neck)
Wands
 f - a wand of acid (9)
 o - a wand of paralysis (8)
Scrolls
 c - a scroll of teleportation
 n - a scroll of magic mapping {unknown}
 p - a scroll of remove curse {unknown}
 q - 2 scrolls of fog {unknown}
 t - a scroll of summoning {unknown}
Potions
 h - a potion of ambrosia
 s - a potion of brilliance {unknown}
 u - 2 potions of degeneration {unknown}
Comestibles
 b - 9 rations
 g - 7 chunks of flesh


   Skills:
 - Level 5.0(10.0) Fighting
 - Level 2.4(7.4) Dodging
 - Level 1.0(6.0) Stealth
 + Level 8.7(13.7) Unarmed Combat
 - Level 3.6 Invocations
 - Level 1.5 Evocations


You had 7 spell levels left.
You didn't know any spells.
Your spell library was empty.

Dungeon Overview and Level Annotations

Branches:
Dungeon (10/15)
 Temple: D:4-7         Lair: D:8-11         Orc: D:9-12

Altars:
Okawaru

Shops:
D:6 }**

Annotations:
D:2 Sigmund
D:8 1 runed translucent door


Innate Abilities, Weirdness & Mutations

You are too large for most types of armour.
You have claws for hands.
Your metabolism is lightning-fast.
You like to eat raw meat.
Your natural rate of healing is unusually fast.
You are covered in fur. (AC +1)
You have extremely tough skin. (AC +3)


Message History

You barely miss the two-headed ogre.
The two-headed ogre is severely wounded.
The crimson imp blinks!
The two-headed ogre closely misses you. x2
Unknown command.
You claw the two-headed ogre!
The two-headed ogre is almost dead.
You claw the two-headed ogre!
You kill the two-headed ogre!
Okawaru is honoured by your kill.
Okawaru will now gift you ammunition as you gain piety.
Your Unarmed Combat skill gained 2 levels and is now at level 8!
You have reached level 8!
The crimson imp blinks!
You gain the combat prowess of a mighty hero.
The two-headed ogre closely misses you. x2; The crimson imp blinks!
You barely miss the two-headed ogre.
The two-headed ogre is heavily wounded.
The two-headed ogre completely misses you.
The two-headed ogre hits you with a +0 giant club!!
You die...

#.######## .. #.........
... #......... ....
#.........
....###########zo..#####
..........o..ooo........
.........o######....#...
........O.# #..%....#
.......@..# #.O..#...
.........## ###......
......5..# ......
.........# ......
####...... .....
#...###. ..... #... #
##### #...


You could see a two-headed ogre, an orc warrior, a crimson imp and an orc.

Vanquished Creatures
  A two-headed ogre (D:10)
  An orc warrior (D:6)
  An ice beast (D:9)
  An ogre (D:6)
  A phantom (D:4)
  2 centaurs
  2 bullfrogs (D:6)
  A bullfrog zombie (D:6)
  2 orc priests (D:3)
  A hound (D:9)
  Ijyb (D:4)
  An iguana (D:9)
  3 worker ants
  2 adders
  An ooze (D:1)
  An adder skeleton (D:4)
  2 leopard geckos
  6 orcs
  3 bats
  A giant cockroach (D:1)
  4 hobgoblins
  6 jackals
  A quokka (D:5)
  A ball python skeleton (D:6)
  2 frilled lizards
  4 goblins
  7 kobolds
  A leopard gecko skeleton (D:6)
  7 rats
67 creatures vanquished.

Notes
Turn   | Place    | Note
-------+----------+-------------------------------------------
     0 | D:1      | loopi the Troll Monk began the quest for the Orb.
     0 | D:1      | Reached XP level 1. HP: 22/22 MP: 0/0
   136 | D:1      | Reached XP level 2. HP: 29/29 MP: 1/1
   212 | D:2      | Noticed Sigmund
   233 | D:1      | Reached skill level 4 in Unarmed Combat
   461 | D:2      | Reached XP level 3. HP: 36/36 MP: 2/2
   634 | D:3      | Reached skill level 5 in Unarmed Combat
   634 | D:3      | Reached XP level 4. HP: 44/44 MP: 3/3
   719 | D:4      | Noticed Ijyb
   725 | D:4      | Reached XP level 5. HP: 44/50 MP: 4/4
   751 | D:4      | Killed Ijyb
   818 | D:4      | Noticed a phantom
   828 | D:4      | Killed a phantom
   889 | D:4      | Reached XP level 6. HP: 57/62 MP: 5/5
   984 | D:5      | Entered Level 5 of the Dungeon
  1135 | D:6      | Reached skill level 5 in Fighting
  1222 | D:6      | Reached skill level 1 in Evocations
  1222 | D:6      | Reached XP level 7. HP: 66/72 MP: 5/7
  1251 | D:6      | Found an iron altar of Okawaru.
  1263 | D:6      | Became a worshipper of Warmaster Okawaru
  1263 | D:6      | Reached * piety under Okawaru
  1263 | D:6      | Reached ** piety under Okawaru
  1275 | D:6      | Found Poesit's Assorted Antiques.
  1290 | D:6      | Bought a sapphire potion for 26 gold pieces
  1290 | D:6      | Bought a scroll labeled WOFIWO GEARE for 29 gold pieces
  1290 | D:6      | Bought a ruby potion for 26 gold pieces
  1321 | D:6      | Found Libynoge's Gadget Shoppe.
  1326 | D:6      | Found Obed's Assorted Antiques.
  1509 | D:6      | Bought 2 metallic silvery potions for 48 gold pieces
  1563 | D:8      | Found a runed translucent door.
  1678 | D:9      | Reached skill level 6 in Unarmed Combat
  1692 | D:10     | Entered Level 10 of the Dungeon
  1692 | D:10     | Noticed a two-headed ogre
  1694 | D:10     | Noticed a two-headed ogre
  1729 | D:10     | Killed a two-headed ogre
  1729 | D:10     | Reached *** piety under Okawaru
  1729 | D:10     | Reached **** piety under Okawaru
  1729 | D:10     | Reached skill level 8 in Unarmed Combat
  1729 | D:10     | Reached XP level 8. HP: 10/80 MP: 9/9
  1736 | D:10     | Slain by a two-headed ogre

Skill      XL: |  1  2  3  4  5  6  7 |
---------------+----------------------+-----
Unarmed Combat | 4 5 8 |  8.7
Fighting       | 4 5 |  5.0
Evocations     | 1 |  1.5
Invocations    | 3 |  3.6
Dodging        | |  2.4
Stealth        | |  1.0

Action                   |  1- 3 |  4- 6 |  7- 9 || total
-------------------------+-------+-------+-------++-------
Melee: Unarmed           |    62 |    72 |    34 ||   168
       Punch             |       |     4 |     2 ||     6
Invok: Heroism           |       |       |     2 ||     2
Evoke: Wand              |       |       |     4 ||     4
  Use: Scroll            |     1 |     3 |     2 ||     6
       Potion            |       |     1 |     3 ||     4
 Stab: Sleeping          |     1 |     4 |       ||     5
       Paralysed         |       |       |     2 ||     2
  Eat: Chunk             |    11 |     5 |     5 ||    21
Armor: Robe              |    26 |    24 |     6 ||    56
Dodge: Dodged            |    46 |    50 |    31 ||   127
